 Dungeon Crawl Stone Soup version 0.25-a0-578-gc91f01c39c (webtiles) character file.

Game seed: 4652369495354450781, levelgen mode: deterministic

18 metalgraveraven the Ducker (level 2, 0/22 HPs)
             Began as a Demonspawn Gladiator on Mar 7, 2020.
             Slain by a kobold (1 damage)
             ... on level 2 of the Dungeon.
             The game lasted 00:04:41 (843 turns).

metalgraveraven the Ducker (Demonspawn Gladiator)    Turns: 843, Time: 00:04:42

Health: 0/22       AC:  3    Str: 14    XL:     2   Next: 51%
Magic:  2/2        EV: 13    Int:  9    God:
Gold:   46         SH:  0    Dex: 14    Spells: 1/1 levels left

rFire    . . .     SeeInvis .   a - +0 long sword
rCold    . . .     Gourm    .   (no shield)
rNeg     . . .     Faith    .   b - +0 leather armour
rPois    .         Spirit   .   (helmet restricted)
rElec    .         Reflect  .   (no cloak)
rCorr    .         Harm     .   (no gloves)
MR       .....                  (no boots)
Stlth    +.........             i - amulet of inaccuracy (curse)
HPRegen  0.07/turn              (no ring)
MPRegen  0.08/turn              (no ring)

@: no status effects
A: horns 1
a: no special abilities


You were on level 2 of the Dungeon.
You were not hungry.

You visited 1 branch of the dungeon, and saw 2 of its levels.

You collected 46 gold pieces.

Inventory:

Hand Weapons
 a - a +0 long sword (weapon)
Missiles
 d - 3 throwing nets (quivered)
 k - 23 arrows
Armour
 b - a +0 leather armour (worn)
Jewellery
 i - a cursed amulet of inaccuracy (around neck)
Potions
 e - a potion of curing {unknown}
 g - a potion of brilliance {unknown}
 h - 2 potions of berserk rage
Comestibles
 f - 6 rations


   Skills:
 + Level 2.1 Fighting
 + Level 3.0 Long Blades
 + Level 1.9 Throwing
 + Level 0.5 Armour
 + Level 3.0 Dodging


You had one spell level left.
You didn't know any spells.
Your spell library was empty.

Dungeon Overview and Level Annotations

Branches:
Dungeon (2/15)

Altars:


Innate Abilities, Weirdness & Mutations

You have a pair of small horns on your head.


Message History

a +0 whip; 4 stones; a +0 short sword; a kobold corpse You closely miss the kobold.
The kobold closely misses you. The kobold misses you.
You miss the kobold. Your headbutt misses the kobold. The kobold hits you.
* * * LOW HITPOINT WARNING * * *
You hit the kobold but do no damage. Your headbutt misses the kobold.
The kobold closely misses you.
You miss the kobold. The kobold hits you.
* * * LOW HITPOINT WARNING * * *
The kobold hits you.
* * * LOW HITPOINT WARNING * * *
You miss the kobold. Your headbutt misses the kobold.
The kobold closely misses you.
You miss the kobold. Your headbutt misses the kobold. The kobold misses you.
You miss the kobold. The kobold hits you.
* * * LOW HITPOINT WARNING * * *
You miss the kobold.
You headbutt the kobold, but do no damage.
The kobold hits you.
You die...

#. # #.
#...
.#.##
...# ..#
#K# #@#
#.# #.#
#.# #.#
#####.#
#.....#
#.#####
####.####


You could see a kobold.

Vanquished Creatures
  2 dart slugs (D:1)
  A goblin (D:1)
  4 hobgoblins (D:1)
  A frilled lizard (D:1)
  4 kobolds
  3 rats (D:1)
15 creatures vanquished.

Notes
Turn   | Place    | Note
-------+----------+-------------------------------------------
     0 | D:1      | metalgraveraven the Demonspawn Gladiator began the quest
                  | for the Orb.
     0 | D:1      | Reached XP level 1. HP: 16/16 MP: 1/1
   515 | D:1      | Gained mutation: You have a pair of small horns on your
                  | head. [demonic ancestry]
   515 | D:1      | Reached XP level 2. HP: 17/22 MP: 2/2
   842 | D:2      | HP: 1/22 [kobold (1)]
   843 | D:2      | Slain by a kobold

Levels and vault maps discovered:
D:1:      elethiomel_arrival_fortress_basement, layout_basic
D:2:      minmay_angry_zag, layout_loops_cross, grunt_decor_arrowhead,
          glass_columns_c, grunt_gozag_statues

Skill      XL: |  1  2 |
---------------+-------+-----
Dodging        | 3 |  3.0
Long Blades    | 3 |  3.0
Fighting       | |  2.1
Throwing       | |  1.9
Armour         | |  0.5

Action                   || total
-------------------------++-------
Melee: Long sword        ||    53
       Headbutt          ||     4
  Use: Scroll            ||     4
Armor: Leather armour    ||     9
Dodge: Dodged            ||    37
       Rpst.: Long sword ||    13

Table legend:
 A = Non-vault XP
 B = Vault XP
 C = Vault XP percentage of total XP
 D = Non-vault monster count
 E = Vault monster count
 F = Vault count percentage of total count
                 A         B        C        D         E       F
            +---------+---------+-------+---------+---------+-------
      Total |      23 |       4 |  14.8 |      14 |       1 |   6.7
            +---------+---------+-------+---------+---------+-------
        D:1 |      20 |       4 |  16.7 |      12 |       1 |   7.7
        D:2 |       3 |       0 |   0.0 |       2 |       0 |   0.0
            +---------+---------+-------+---------+---------+-------
